[Event "44th Chess Olympiad Open 2022"]
[Site "Chennai"]
[Date "2022.08.06"]
[Round "8.54"]
[White "Zaibi, Amir"]
[Black "Beukes, Dante M"]
[Result "0-1"]
[WhiteElo "2398"]
[BlackElo "2234"]
[Annotator "TA"]
[PlyCount "164"]
[EventDate "2022.??.??"]
[TimeControl "60"]

1. d4 Nf6 2. c4 g6 3. g3 Bg7 4. Bg2 O-O 5. Nc3 d6 6. Nf3 c6 7. O-O Bf5 $1 {[%emt 0:00:08] is currently scoring better
than 7...Qa5.} 8. Nh4 Be6 9. b3 d5 {[%emt 0:00:05] E62: King's Indian: Fianchetto: 6...c6 and Panno
Variation (6...Nc6) without ...a6.} 10. Rb1 {[%emt 0:03:21] [#]} (10. cxd5 $11
cxd5 11. Nf3) 10... Qd7 $146 (10... dxc4 $15 11. bxc4 Bxc4) ({
Predecessor:} 10... Qc8 11. Ba3 Re8 12. cxd5 Nxd5 13. Bb2 Nxc3 14. Bxc3 Bh3 15.
Nf3 Bxg2 16. Kxg2 Qf5 17. Rc1 {½-½ (25) Javakhishvili,L (2478) -Paehtz,E 
(2464) Erfurt 2014}) 11. Qd3 Rd8 {[%emt 0:04:22] The position
is equal.} 12. c5 (12. Rd1 $11) 12... Ne4 $15 13. f4 {[%emt 0:02:08] Prevents g5.} Bf6 14. e3 ({Better is} 14. Bb2 $15) 14... Bxh4 15. gxh4 Nf6 {[%emt 0:00:06] Pair of Knights!} 16. Rb2 Bh3 17. Rf3 Bf5 18. Qf1 Qe6 19. Ne2 Nh5 20.
Ng3 Nxg3 21. Rxg3 Nd7 22. h5 Nf6 23. hxg6 hxg6 24. Bd2 {[%emt 0:00:15] [#]} Kg7 $1 ({Worse is} 24... Ne4 25. Bxe4 Qxe4 26. Ba5 $17) 25. Ba5 (25. Bh3 $17) 25... Rh8 $19 26. Bc7 Nh5 27. Rf3 Rac8 28. Ba5 Nf6 29. Bd2 Rh7 30. Be1 Ng4 31. Bh1 Rch8 ({Inferior is} 31... Nxe3 32. Qe2 Ng4 33.
Qxe6 Bxe6 34. b4 $17) 32. Bg3 Nxe3 $2 (32...
Be4 $19 33. f5 Bxf5 34. Rxf5 Qxf5 35. Qxf5 gxf5) 33. Qe2 $17 Ng4 {[%emt 0:00:42][%cal Ye3g4,Yg4h6,Yh6f5] [#] Hoping for ...Nxh2.0x0.
00198a4f815ddp-1022s more active pieces.} 34. Qxe6 Bxe6 35. b4 a6 36. a4 Nh6 37. Rd3 Nf5 38. Bg2 Ra8 39. Rd1 Rhh8 40. Kf2 Rhb8 41. Bh3 Nxg3 42. Kxg3 Bxh3 43. Kxh3
{[%emt 0:00:03] Endgame KRR-KRR} Rh8+ 44. Kg3 Rh5 45. h4 Rah8 46. Rh1 e6 47. Rbh2 Kf6 48. Re1 Ke7 49. Re3 Kd7 50. Re5 Rb8 51. a5 (51. Ree2 $17 {was called for.}) 51... Rbh8 $19 52.
Rg5 R8h6 53. Rg4 Ke7 54. Rh3 Kf8 55. Rh2 Kg7 56. Rh1 f6 57.
Rh2 Rh8 58. Rh1 Kf7 59. Rh2 Rg8 60. Rf2 Rgh8 {[%emt 0:00:00] And now ...f5 would win.} 61. Rh2 $1 Kg7 62. Rh1 $1 g5 {[%emt 0:01:42] White
must now prevent ...Rxh4.} 63. fxg5 (63. Re1 $142 Rxh4 64.
fxg5 Rh3+ 65. Kf4) 63... f5 64. Rf4 Rxg5+ $1 65. Kf3 Rgh5 66. Rg1+ Kf6 67. Rgg4 Kf7 68. Kg3 R5h6 69. Rf1 Rg6 (69... R8h7 $19 {and Black stays clearly on top. ...Ke7
is the strong threat.} 70. Rff4 Rh5) 70. Rg5 $2 {[%emt 0:02:35] Loses the game.
} (70. Rxg6 $17 Kxg6 71. Rh1) 70... Rxg5+ {[%emt 0:00:00] Black is clearly
winning.} 71. hxg5 {[%emt 0:00:00] KR-KR} Rh5 72. Kf4 Rh4+ 73. Ke3 Kg6 74. Rg1 Re4+ 75. Kd3 f4 76. Rh1 Re3+ 77. Kc2 f3 78. Kd2 Re4 79. Rh3 Rxd4+ 80. Ke1 Rxb4 {[%emt 0:00:12] aiming for ...Rb1+.} 81. Rxf3 Kxg5 82. Rf7 Rb5 {[%emt 0:00:13][%csl
Ya5,Yc5] Weighted Error Value: White=0.17 (very precise) /Black=0.14 (very
precise)} 0-1

[Event "44th Chess Olympiad Open 2022"]
[Site "Chennai"]
[Date "2022.08.06"]
[Round "8.54"]
[White "Amdouni, Zoubaier"]
[Black "Khoa, Goodwill"]
[Result "1-0"]
[WhiteElo "2224"]
[BlackElo "1850"]
[Annotator "RC"]
[PlyCount "79"]
[EventDate "2022.??.??"]
[TimeControl "60"]

1. e4 c5 2. Nf3 e6 3. d4 cxd4 4. Nxd4 Nc6 5. Nc3 a6 6. Nxc6 bxc6 7. Bd3 Qc7 8. O-O g6 9. Be3 Rb8 10. Na4 Bg7 11. f4 Nf6 12. c4 O-O 13.
e5 Ne8 14. Bc5 d6 15. exd6 Nxd6 16. Bxg6 Rd8 17. Bd3 Ne4 18. Be3 Nf6 19. Qc2 Qa5 20. Rad1 Kh8 21. Be2 Bd7 22. b3 Qc7 23. Nc5 Ra8 24. Bf3 Be8 25. Rxd8 Qxd8 26. Rd1 Qc7 27. Qd2 a5 28. Na4 Nd7 29. Qd6 Qxd6 30. Rxd6 Bf8 31. Rxc6 e5 32. Bd5 Rd8 33. Ra6 Bb4 34. fxe5 Kg7 35. Bd4 Nf8 36. e6+ f6 37. Nc5 Ng6 38. Ra7+ Ne7 39. Rxe7+ Kh6 40. Ra7 1-0

[Event "44th Chess Olympiad Open 2022"]
[Site "Chennai"]
[Date "2022.08.06"]
[Round "8.54"]
[White "Eichab, Charles"]
[Black "Boudriga, Mohamed Ali"]
[Result "0-1"]
[WhiteElo "2048"]
[BlackElo "2308"]
[Annotator "RC"]
[PlyCount "99"]
[EventDate "2022.??.??"]
[TimeControl "60"]

1. b3 d5 2. Bb2 Bg4 3. g3 Nc6 4. d4 h5 5. h3 Bf5 6. Bg2 Qd7 7. c4 e6 8. a3 O-O-O 9. c5 e5 10. b4 Nxd4 11. Bxd4 exd4 12. Qxd4 Be7 13. Nc3 Bf6 14. Qd2 Ne7 15. Rd1 Kb8 16. Nf3 d4 17. Na2 Qa4 18. O-O d3 19. e3 Nc6 20. b5 Na5 21. Qb4 Qxb4 22. Nxb4 Nc4 23. c6 b6 24. Nd2 Nxd2 25. Rxd2 Bc3 26. Rdd1 d2 27. e4 Bxb4 28. exf5 Bxa3 29. Be4 Rhe8 30. Bf3 Re5 31. Rb1 Rxf5 32. Kg2 Bc5 33. Bd1 g6 34. f4 Rf6 35. Bb3 Re8 36. Rbd1 Re2+ 37. Kh1 Bb4 38. Rb1 Bd6 39. Bc4 Re4 40. Bb3 a5 41. Kg2 Bc5 42. Bc2 Re2+ 43.
Kh1 Rfe6 44. Bd1 Re1 45. Kg2 Rxf1 46. Kxf1 Re1+ 47. Kg2 f5 48. Kf3 a4 49. Ra1 a3 50. Be2 0-1

[Event "44th Chess Olympiad Open 2022"]
[Site "Chennai"]
[Date "2022.08.06"]
[Round "8.54"]
[White "Ndahangwapo, Heskiel"]
[Black "Meddeb, Anis"]
[Result "0-1"]
[WhiteElo "1904"]
[BlackElo "2121"]
[Annotator "NA RC"]
[PlyCount "84"]
[EventDate "2022.??.??"]
[TimeControl "60"]

1. d4 d5 2. c4 e6 3. Nf3 Nf6 4. g3 c6 5. Bg2 Bd6 6. O-O O-O 7. Qc2 Nbd7 8.
Nbd2 Re8 9. Rd1 Qe7 10. e4 dxe4 11. Nxe4 Nxe4 12. Qxe4 c5 13. Bg5 f6 14. Be3 Rb8 15. d5 e5 16. a4 b6 17. Bh3 Nf8 18.
Bxc8 Rexc8 19. h4 Qd7 20. Bd2 Ng6 21. h5 Ne7 22. Kg2 Qf5 23.
Qh4 a6 24. g4 Qd7 25. g5 Nf5 26. Qh3 e4 27. Nh2 Bxh2 28. Qxh2 fxg5 29. Bxg5 Rf8 30. Ra3 e3 31. Bxe3 Nxe3+ 32. Rxe3 Qg4+ 33. Qg3 Qxd1 34. h6 Rb7 35. d6 Rbf7 36. Re7 Rxf2+ 37. Qxf2 Rxf2+ 38.
Kxf2 Qxd6 39. Rxg7+ Kf8 40. Ra7 Qf4+ 41. Kg1 Qxc4 42. Rxh7 Qc1+ 0-1

[Event "44th Chess Olympiad Open 2022"]
[Site "Chennai"]
[Date "2022.08.06"]
[Round "8.55"]
[White "Nassr, Ali"]
[Black "Ortega Amarelle, Mariano"]
[Result "0-1"]
[WhiteElo "2263"]
[BlackElo "2463"]
[Annotator "TA"]
[PlyCount "46"]
[EventDate "2022.??.??"]
[TimeControl "60"]

1. d4 Nf6 2. Nf3 d5 3. Bf4 c5 4. e3 Nc6 5. c3 Nh5 6. Bg3
{[%emt 0:02:04] D02:1 d4 d5 2 Nf3 sidelines, including 2...Nf6 3 g3 and 2...
Nf6 3 Bf4.} Nxg3 7. hxg3 Qb6 8. Qc2 {[%emt 0:01:11] The position is equal.} g6 9. Nbd2 Bg7 10. Qb3 e6 11. Be2 {[%emt 0:05:22] [#]} O-O $146 ({Predecessor:} 
11... Qc7 12. Qa3 cxd4 13. cxd4 Bf8 14. Qa4 Bd7 15. Bb5 a6 16. Rc1 Qb6 17. Bxc6
Bxc6 {0-1 (58) Kaloust,G (1422)-Sayegh,E Beirut 2015}) 12. O-O Rd8 13. Rfd1 Bd7 14. Rac1 Qa5 15. dxc5 Qxc5 16. Qc2 Rac8 17. Nb3 Qe7 18. e4 Be8 19. Qb1 Bh6 20. Nbd2 Kg7 {
[%emt 0:08:23] aiming for ...dxe4.} 21. b3 (21. exd5 $15 Rxd5
22. b4) 21... dxe4 $17 {[%emt 0:00:13] Black is more active.} 22. Qxe4 f5 23. Qc2 (23. Qb1 $17)
23... e5 {[%emt 0:00:08] Weighted Error Value: White=0.25 (precise) /Black=0.
07 (flawless)} 0-1

[Event "44th Chess Olympiad Open 2022"]
[Site "Chennai"]
[Date "2022.08.06"]
[Round "8.55"]
[White "Djabri, Massinas"]
[Black "Mirulla, David"]
[Result "1-0"]
[WhiteElo "2206"]
[BlackElo "1953"]
[Annotator "NA RC"]
[PlyCount "53"]
[EventDate "2022.??.??"]
[TimeControl "60"]

1. d4 Nf6 2. c4 g6 3. Nc3 Bg7 4. e4 d6 5. Be2 O-O 6. Nf3 e5 7. O-O Nc6 8. d5 Ne7 9. Ne1 Nd7 10. Nd3 f5 11. f3 f4 12. Bd2 g5 13. b4 Rf6 14. c5 Rh6 15.
Rc1 Qe8 16. Nf2 dxc5 17. Nb5 Nf6 18. Nxc7 Qh5 19. h3 Rb8 20. Rxc5 Ng6 21. Ng4 Nh4 22. Nxh6+ Qxh6 23. Ne6 Bf8 24. Qc2 Bxc5+ 25. Qxc5 Nd7 26. Qd6 Qf6 27. Rc1 1-0

[Event "44th Chess Olympiad Open 2022"]
[Site "Chennai"]
[Date "2022.08.06"]
[Round "8.55"]
[White "Rodriguez Guevara, Celia M."]
[Black "Araoun, Saadi"]
[Result "1/2-1/2"]
[WhiteElo "1859"]
[BlackElo "2049"]
[Annotator "NA"]
[PlyCount "83"]
[EventDate "2022.??.??"]
[TimeControl "60"]

1. e4 c6 2. d4 d5 3. exd5 cxd5 4. Bd3 Nc6 5. c3 Nf6 6. h3 e5 7. dxe5 Nxe5 8. Bc2 Bd6 9. Nf3 O-O 10. O-O h6 11. Nbd2 Bc7 12. Nxe5 Bxe5 13. Nf3 Bc7 14. Re1 Be6 15. Qd3 Ne4 16. Be3 Qd7 17. Bd4 Rfe8 18.
Be5 Bb6 19. Bd4 Bc7 20. Be5 Rad8 21. Bxc7 Qxc7 22. Nd4 Bc8 23. Rad1 a6 24. Bb3 Qc5 25. Re3 Qd6 26. Nf3 Qg6 27. Qf1 Be6 28. Red3 Nc5 29. Rd4 Nxb3 30. axb3 Rc8 31. R1d2 Qf6 32. b4 Bxh3 33. gxh3 Qxf3 34. R4d3 Qf6 35. Rxd5 Re4 36. Rd6 Qg5+ 37. Qg2 Re1+ 38. Kh2 Qe5+ 39. Qg3 Qe4 40. Qg2 Qe5+ 41. Qg3 Qe4 42. Qg2 1/2-1/2

[Event "44th Chess Olympiad Open 2022"]
[Site "Chennai"]
[Date "2022.08.06"]
[Round "8.55"]
[White "Teixeira, Gil"]
[Black "Brahami, Lamine"]
[Result "0-1"]
[WhiteElo "1741"]
[BlackElo "2189"]
[Annotator "NA RC"]
[PlyCount "116"]
[EventDate "2022.??.??"]
[TimeControl "60"]

1. e4 c5 2. Bc4 e6 3. Nc3 Nc6 4. Nf3 Be7 5. a3 Nf6 6. d3 O-O 7. O-O d6 8. Ba2 a6 9. Ne2 b5 10. c3 a5 11. Be3 a4 12. Ng3 Qc7 13.
d4 Na5 14. b4 axb3 15. Bxb3 Nxb3 16. Qxb3 Bb7 17. Nd2 Bc6 18. f3 Ra4 19. Rfc1 c4 20. Qb2 Rfa8 21. Nb1 Nd7 22. Rd1 d5 23. e5 Qa7 24. f4 b4 25. Bc1 bxa3 26. Qe2 a2 27. Nd2 Qa5 28. Qf3 g6 29. Rf1 Rb8 30.
Ne2 Nb6 31. g4 Bd7 32. Qg3 Kh8 33. Kh1 Qa8 34. h4 Ra7 35. Rg1 Rab7 36. f5 exf5 37. h5 fxg4 38. Qf4 Bf5 39. Ng3 Be6 40. Rg2 g5 41. Qf2 Nd7 42. Kh2 Rb1 43. Nxb1 axb1=Q 44. Rxa8 Rxa8 45. Qb2 Qxb2 46. Rxb2 h6 47. Kg2 Ra3 48. Ne2 Bf5 49. Bd2 Rb3 50. Ra2 Be4+ 51. Kg3 Ba3 52. Kxg4 Rb2 53. Rxb2 Bxb2 54. Ng3 Bd3 55. Kf3 Nb6 56. Nh1 Be4+ 57. Kg4 Bxh1 58. Kf5 Kg7 0-1

[Event "44th Chess Olympiad Open 2022"]
[Site "Chennai"]
[Date "2022.08.06"]
[Round "8.56"]
[White "Husbands, Orlando"]
[Black "Mansour, Sameer"]
[Result "1-0"]
[WhiteElo "2353"]
[BlackElo "2275"]
[Annotator "TA"]
[PlyCount "137"]
[EventDate "2022.??.??"]
[TimeControl "60"]

1. e4 c5 2. Nf3 Nc6 3. d4 cxd4 4. Nxd4 g6 5. c4 Nf6 6. Nc3 d6 7. Be2 Nxd4 8. Qxd4 Bg7 9. Be3 O-O 10. Qd2 Be6 11. O-O Qa5 12.
Rfc1 $1 {[%emt 0:10:55] now scores much better than the old 12.Rac1.} Rfc8 13. f3 Bxc4 {[%emt 0:14:42] B36: Sicilian:
Maroczy Bind: Gurgenidze System.} 14. Nd5 $1 Qxd2 15. Nxe7+ Kf8 {[%emt 0:00:25] The position is equal.} 16.
Bxd2 Kxe7 17. Rxc4 (17. Bxc4
{feels hotter.} Nxe4 18. fxe4 Bxb2 19. Bd5) 17... Rxc4 18.
Bxc4 Nd7 19. Bg5+ Bf6 20. Bxf6+ {[%emt 0:06:56] [#]} Kxf6 $146 {[%emt 0:02:15]
Endgame KRB-KRN} ({Predecessor:} 20... Nxf6 21. Rd1 Rc8 22. Bb3 Nd7 23. Kf2 Rc5
24. h4 b5 25. Ke3 Ne5 26. g3 Nc4+ 27. Bxc4 Rxc4 28. Rd4 Rc2 29. Rd2 Rc1 30. Rd5
a6 31. Rd2 {½-½ (31) Kveinys,A (2541)-Heberla,B (2541) Poland 2016}) 21. Bb5 Nc5 22. Rc1 a5 23. Kf2 a4 24. Ke3 Ra5 25. Bc4 g5 26. Rd1 Ke7 27. Rd5 f6 28.
h4 h6 29. hxg5 hxg5 30. Rd1 Nd7 31. Rh1 Nf8 32. b4 axb3 $1 33. axb3 Ra2 34. Bd5 Rxg2 35. Bxb7 g4 36. Bd5 gxf3 37. Kxf3 Rb2 38. Rg1 Ne6 39. Ra1 {[%emt 0:01:16] [#]
Hoping for Ra7+.} Nc7 40. Bc4 Kd7 41. Ke3 Kc6 (41... Rh2 $11) 42. Rf1
$14 Ne8 43. Kd4 {[%emt 0:00:00] White is
more active.} Rh2 44. Rc1 Kd7 45. Bb5+ Ke7 $2 {[%emt 0:00:00] This move loses the game
for Black.} (45... Kd8 $1 $14) 46. Rc8 $18 Ng7 47. Rc7+ Kf8 {[%emt 0:00:00] Threatens to win with ...Ne6+.}
48. Bc4 {[%emt 0:00:00] Prevents Ne6+.} Rd2+ 49. Kc3 Rg2 50. Rf7+ Ke8 51.
Rxf6 Kd7 52. Bd5 {[%emt 0:00:00] aiming for
b4.} Kc7 $2 (52... Rg5 53. b4 Nh5 54. Rf7+ Ke8) 53. Rf7+ Kb6 54. Rb7+ Ka6 55. Rd7 Rg6 56. Bf7 Rg3+ 57. Kd4 Kb6 58. Rxd6+ {
[%emt 0:00:00] White mates.} Kc7 59. Rg6 Rxg6 60. Bxg6 {[%emt 0:00:00] KB-KN} Ne6+ 61. Ke5 Nc5 {[%emt 0:00:22] [#]} 62. Bf7 $1 Nd7+ 63. Kd5 Nf6+ 64. Kd4 Nd7 65. e5 Nb6 66. Be6 Na8 67. Kc5 Nb6 68. Bh3 Na8 69. e6 {[%emt 0:00:00] Weighted Error Value: White=0.11 (very precise) /
Black=0.51} 1-0

[Event "44th Chess Olympiad Open 2022"]
[Site "Chennai"]
[Date "2022.08.06"]
[Round "8.56"]
[White "Ahmad, Al Khatib"]
[Black "Blackman, Justin"]
[Result "1-0"]
[WhiteElo "2244"]
[BlackElo "2195"]
[Annotator "RC"]
[PlyCount "91"]
[EventDate "2022.??.??"]
[TimeControl "60"]

1. e4 c5 2. Nf3 d6 3. d4 cxd4 4. Nxd4 Nf6 5. Nc3 a6 6. Be2 e5 7. Nb3 Be7 8. O-O O-O 9. Kh1 Nc6 10. f4 exf4 11. Bxf4 Be6 12. Qe1 Ne8 13. Qg3 Bh4 14. Qe3 Qe7 15. Rad1 Rc8 16. Rd2 Bf6 17. Rfd1 Ne5 18. Nd4 Ng6 19. g3 Be5 20. Bf3 Nf6 21. Nf5 Bxf5 22. exf5 Bxf4 23. Qxe7 Nxe7 24. gxf4 Nxf5 25. Bxb7 Rb8 26.
Bxa6 Rxb2 27. Bd3 Ne7 28. a4 Rc8 29. Nb5 d5 30. Ra1 Nc6 31.
a5 Nb4 32. Nd4 Nxd3 33. Rxd3 Ne4 34. Rb3 Rxb3 35. cxb3 Kf8 36. b4 Ke7 37. b5 Kd6 38. b6 Nc5 39. Rc1 Ra8 40. Nb5+ Kc6 41. Nd4+ Kd6 42. Nf5+ Kc6 43. b7 Rb8 44. a6 Kb6 45. Rxc5 Kxa6 46. Nd6 1-0

[Event "44th Chess Olympiad Open 2022"]
[Site "Chennai"]
[Date "2022.08.06"]
[Round "8.56"]
[White "Ibrahim Alwahsh"]
[Black "Parsons, Justin"]
[Result "1/2-1/2"]
[WhiteElo "2058"]
[BlackElo "1749"]
[Annotator "NA RC"]
[PlyCount "101"]
[EventDate "2022.??.??"]
[TimeControl "60"]

1. Nf3 Nf6 2. g3 d5 3. Bg2 e6 4. O-O b6 5. b3 Be7 6. Bb2 Nbd7 7. d3 Bb7 8. Nbd2 O-O 9. e3 c5 10. Qe2 Qc7 11. c4 Rad8 12. Rac1 Qb8 13. Rfd1 Qa8 14. Ne1 Rfe8 15. f4 Bd6 16. e4 e5 17. exd5 exf4 18.
Ne4 fxg3 19. hxg3 Nxe4 20. dxe4 Bxg3 21. Bxg7 Kxg7 22. Qg4+ Kh8 23. Qxg3 Rg8 24. Qc3+ f6 25. Rd3 Qb8 26. Rh3 Rg6 27. Nf3 Rdg8 28. Nh4 Rg4 29. Rf1 Qf8 30. Qe3 Qg7 31. Rf2 Ne5 32. Kh1 Bc8 33. Qe2 Rg3 34. Rxg3 Qxg3 35. Nf5 Bxf5 36. Rxf5 Ng4 37. Kg1 Qh2+ 38. Kf1 Ne3+ 39. Qxe3 Qxg2+ 40. Ke1 Rg3 41. Qe2 Qh3 42. Kd2 Rg2 43. Rf2 Rg1 44. Qf3 Qh6+ 45. Qf4 Qxf4+ 46. Rxf4 Kg7 47. d6 Rg2+ 48. Kd1 Rg3 49. Kd2 Rg2+ 50. Kd1 Rg3 51. Kd2 1/2-1/2

[Event "44th Chess Olympiad Open 2022"]
[Site "Chennai"]
[Date "2022.08.06"]
[Round "8.56"]
[White "Edwards, Emar"]
[Black "Aboudi, Marwan"]
[Result "0-1"]
[WhiteElo "1695"]
[BlackElo "2144"]
[Annotator "NA RC"]
[PlyCount "92"]
[EventDate "2022.??.??"]
[TimeControl "60"]

1. e4 c5 2. Nf3 d6 3. d4 cxd4 4. Qxd4 Nc6 5. Bb5 Bd7 6. Bxc6 Bxc6 7. Nc3 Nf6 8. Bg5 e6 9. O-O-O Be7 10. Rhe1 O-O 11. Bxf6 Bxf6 12. Qxd6 Bxc3 13. bxc3 Qa5 14. Kb2 Qb6+ 15. Qb4 Qxf2 16. Qd4 Qxd4 17. cxd4 f5 18. e5 Bd5 19. Re3 Rac8 20. Rdd3 f4 21. Re1 Rf5 22. Rc3 Rxc3 23. Kxc3 g5 24. Kb4 g4 25. Nh4 a5+ 26. Kxa5 Rf8 27. Kb4 Rc8 28. c3 Rc4+ 29. Kb3 Rxd4+ 30. Kc2 Ra4 31. a3 Kg7 32. Rd1 f3 33. gxf3 gxf3 34. Nf5+ Kf8 35. Ne3 Bc6 36. Rd4 Rxd4 37. cxd4 f2 38. Kc3 Bb5 39. Kb4 f1=Q 40. Nxf1 Bxf1 41. Kc5 Bg2 42. Kd6 Kf7 43. a4 Bd5 44. a5 Kg6 45. Ke7 h5 46. Kf8 h4 0-1

[Event "44th Chess Olympiad Open 2022"]
[Site "Chennai"]
[Date "2022.08.06"]
[Round "8.57"]
[White "Kulpruethanon, Thanadon"]
[Black "Wojciechowski, Paul"]
[Result "1-0"]
[WhiteElo "2294"]
[BlackElo "1944"]
[Annotator "RC"]
[PlyCount "123"]
[EventDate "2022.??.??"]
[TimeControl "60"]

1. d4 Nf6 2. c4 g6 3. Nc3 d5 4. cxd5 Nxd5 5. e4 Nxc3 6. bxc3 Bg7 7. Be3 c5 8. Qd2 Qa5 9. Nf3 Nc6 10. Rc1 O-O 11. d5 Rd8 12. Bd3 e6 13.
Bg5 exd5 14. Bxd8 Qxd8 15. exd5 Qxd5 16. Be2 Qxd2+ 17. Nxd2 Be6 18. Bc4 Bxc4 19. Nxc4 Re8+ 20. Kd1 b5 21. Ne3 Ne5 22. Kc2 c4 23. Rb1 a6 24. a4 Nd3 25. axb5 axb5 26. Rxb5 Nxf2 27. Rf1 Ne4 28. Rfb1 Bxc3 29. Rb8 Rxb8 30. Rxb8+ Kg7 31. Nxc4 Bf6 32. Rb7 h5 33. Rc7 h4 34. Kd3 Ng5 35. Ke2 Kh6 36. h3 Bd4 37. Rd7 Bc3 38.
Ne3 Kg7 39. Rc7 Be5 40. Rc4 Ne6 41. Rxh4 Bf4 42. Nd5 g5 43. Rg4 f5 44. Rxf4 gxf4 45. Kf3 Kh6 46. Nxf4 Ng5+ 47. Ke3 Ne4 48. h4 Kg7 49. Kd4 Kf6 50. g4 Nd2 51. g5+ Kg7 52. Ke3 Nc4+ 53.
Kf3 Nd2+ 54. Ke2 Nc4 55. Kf2 Nd6 56. Kf3 Ne4 57. Ke3 Nc5 58.
Kd4 Ne4 59. Ke5 Ng3 60. h5 Kf7 61. h6 Kg8 62. g6 1-0

[Event "44th Chess Olympiad Open 2022"]
[Site "Chennai"]
[Date "2022.08.06"]
[Round "8.57"]
[White "Arunnuntapanich, Tinnakrit"]
[Black "Gurner, Jem"]
[Result "1-0"]
[WhiteElo "2117"]
[BlackElo "1800"]
[Annotator "NA RC"]
[PlyCount "105"]
[EventDate "2022.??.??"]
[TimeControl "60"]

1. d4 g6 2. c4 Bg7 3. e4 d6 4. Nc3 e5 5. Nf3 Nc6 6. dxe5 Nxe5 7. Nxe5 dxe5 8.
Qxd8+ Kxd8 9. Bg5+ f6 10. O-O-O+ Bd7 11. Be2 Kc8 12. Be3 Bh6 13. Bxh6 Nxh6 14. Rd2 c6 15. Rd6 f5 16. Rhd1 Rd8 17. h4 fxe4 18. Nxe4 Nf5 19. Rf6 Nd4 20. Bd3 Be6 21. Ng5 Bg8 22. Re1 Kc7 23. Rxe5 Re8 24. Rxe8 Rxe8 25. Kd2 Kb6 26. Rf4 Rd8 27. Kc3 Ne6 28. Nxe6 Bxe6 29. Rf6 Bg8 30. h5 gxh5 31. Rh6 Bf7 32. Rf6 Rd7 33. b4 Kc7 34. a4 Kd8 35. a5 Ke7 36. Rh6 Kf8 37. a6 bxa6 38.
Rxc6 a5 39. b5 Be8 40. Ra6 Rg7 41. Be4 Rc7 42. Rxa5 Bf7 43. Bc6 Ke7 44. Kd4 Bg6 45. Ra1 Kf6 46. c5 Ke7 47. Bd5 Rd7 48. c6 Rc7 49. Kc5 Be8 50.
b6 axb6+ 51. Kxb6 Kd6 52. Rd1 Rc8 53. c7 1-0

[Event "44th Chess Olympiad Open 2022"]
[Site "Chennai"]
[Date "2022.08.06"]
[Round "8.57"]
[White "Belzo, Krzysztof"]
[Black "Laohawirapap, Prin"]
[Result "1-0"]
[WhiteElo "2080"]
[BlackElo "2230"]
[Annotator "NA RC"]
[PlyCount "93"]
[EventDate "2022.??.??"]
[TimeControl "60"]

1. d4 Nf6 2. Nf3 g6 3. g3 Bg7 4. Bg2 O-O 5. O-O d6 6. c4 Nc6 7. Nc3 a6 8. e4 Bg4 9. h3 Bxf3 10. Bxf3 Nd7 11. Be3 e5 12. dxe5 Ndxe5 13. Be2 Na5 14. c5 Nac4 15. Qc1 Nxe3 16. Qxe3 dxc5 17. Qxc5 b6 18. Qe3 c5 19. Rfd1 Qc8 20. Nd5 Qxh3 21. Nxb6 Rab8 22. Qxc5 h5 23. Qe3 h4 24. Nc4 Nxc4 25. Bxc4 Bxb2 26. Rab1 hxg3 27. Qxg3 Qh6 28. Bb3 Qg7 29. Rd7 Rb4 30. Qd3 Qf6 31. Rd6 Qg5+ 32. Qg3 Qxg3+ 33. fxg3 Be5 34. Rxa6 Rxe4 35. Rxg6+ Kh8 36. Rg5 Bf6 37. Rf5 Kg7 38. Rbf1 Bd4+ 39. Kg2 Re2+ 40. Kf3 Re7 41. Rg5+ Kh6 42. Rg4 Re3+ 43. Kf4 Re5 44. Rh1+ Rh5 45. Rxh5+ Kxh5 46. Kf5 Bf6 47. Bd1 1-0

[Event "44th Chess Olympiad Open 2022"]
[Site "Chennai"]
[Date "2022.08.06"]
[Round "8.57"]
[White "Forbes, Garry"]
[Black "Jingjang, Shin"]
[Result "0-1"]
[WhiteElo "1908"]
[BlackElo "1956"]
[Annotator "NA RC"]
[PlyCount "50"]
[EventDate "2022.??.??"]
[TimeControl "60"]

1. d4 d5 2. Nc3 Nf6 3. Bf4 c6 4. e3 Qb6 5. Rb1 Bf5 6. f3 e6 7. g4 Bg6 8. h4 h6 9. Bd3 Bxd3 10. cxd3 c5 11. dxc5 Bxc5 12. d4 Bd6 13. Nge2 Nbd7 14. Kf2 Bxf4 15. Nxf4 O-O-O 16. Na4 Qd6 17. b4 g5 18. hxg5 hxg5 19. Rxh8 Rxh8 20. Ng2 Rh3 21. Qc2+ Kb8 22. Rc1 Qg3+ 23. Kg1 Rh8 24. Nc5 Nb6 25. Qf2 Rh1+ 0-1

[Event "44th Chess Olympiad Open 2022"]
[Site "Chennai"]
[Date "2022.08.06"]
[Round "8.58"]
[White "Abdelazeez, Mohamed Abdalla"]
[Black "Al Mutairi, Abdullah F"]
[Result "1-0"]
[WhiteElo "2182"]
[BlackElo "1916"]
[Annotator "NA RC"]
[PlyCount "128"]
[EventDate "2022.??.??"]
[TimeControl "60"]

1. d4 d5 2. c4 c6 3. Nc3 Nf6 4. Nf3 Bf5 5. cxd5 cxd5 6. e3 Nc6 7. Ne5 a6 8. Qa4 Qc8 9. Nxc6 Bd7 10. Nxe7 Qxc3+ 11. bxc3 Bxa4 12. Nf5 g6 13. Ng3 h5 14. Bd3 Bd6 15. Ne2 O-O 16. Rb1 Bc6 17. f3 Rfe8 18. Kf2 g5 19. h4 g4 20. Bd2 b5 21. Ng3 Bd7 22. Rhe1 Kh8 23.
e4 gxf3 24. e5 Ng4+ 25. Kxf3 Be7 26. Rh1 f6 27. Bg6 Rf8 28. e6 Bxe6 29. Rbe1 Ne5+ 30. dxe5 fxe5+ 31. Ke2 Rg8 32. Bf5 Bf7 33. Kf3 Bd6 34. Bg5 e4+ 35. Kf2 Be5 36. Re3 Raf8 37. Be7 Rb8 38. Bc5 Rgf8 39. Rf1 Be6 40. Bxf8 Rxf8 41. Ke1 Bg8 42. Bh3 Rxf1+ 43. Nxf1 a5 44. Bd7 b4 45. cxb4 axb4 46. Ba4 Be6 47. Bb3 Bf6 48. g3 Bg8 49. Re2 Kg7 50. Ne3 Bc3+ 51. Kf1 Be6 52. Bxd5 Bh3+ 53. Kf2 Kf6 54. Bxe4 Ke5 55. Bg6 Bd4 56. Bxh5 Be6 57. Bf3 Bc4 58. Rd2 Be6 59. Rxd4 Kxd4 60. Bd5 Bxd5 61. Nxd5 Kxd5 62. h5 Ke6 63. Ke3 b3 64. axb3 Kd5 1-0

[Event "44th Chess Olympiad Open 2022"]
[Site "Chennai"]
[Date "2022.08.06"]
[Round "8.58"]
[White "Al Thebaiti Ahmed M"]
[Black "Tagelsir, Abubaker"]
[Result "0-1"]
[WhiteElo "1966"]
[BlackElo "2232"]
[Annotator "NA RC"]
[PlyCount "114"]
[EventDate "2022.??.??"]
[TimeControl "60"]

1. d4 Nf6 2. c4 b6 3. Nc3 Bb7 4. Nf3 e6 5. e3 Bb4 6. Bd2 O-O 7. Bd3 c5 8. O-O d6 9. a3 Ba5 10. Qe2 Nbd7 11. b4 cxb4 12. Nb5 b3 13. Bxa5 bxa5 14. Nxd6 Rb8 15. e4 Ba8 16. e5 Ne8 17. Ne4 a4 18. Neg5 g6 19. h4 Ng7 20.
Be4 h6 21. Nh3 Bxe4 22. Qxe4 Nb6 23. c5 Nd5 24. Nf4 b2 25.
Rae1 Nc3 26. Qc2 Rb3 27. Nd2 Qxd4 28. Nxb3 axb3 29. Qxb2 Nf5 30. Qxb3 Ng3 31. Re3 Nxf1 32. Qxc3 Qxf4 33. Kxf1 Qxh4 34. c6 Rc8 35. Ke2 Qa4 36. c7 Qd7 37. Rd3 Qxc7 38. Qxc7 Rxc7 39. Rd8+ Kg7 40. Rd3 Rc4 41. Re3 Rd4 42. Kf3 h5 43. Rb3 Ra4 44. Ke3 g5 45. g3 Kg6 46. f4 gxf4+ 47. gxf4 Kf5 48. Rc3 h4 49. Ke2 Re4+ 50. Kd2 Rxf4 51. Rc7 Kg4 52. Rxa7 h3 53. Ra8 h2 54. Rh8 Kg3 55. Ke3 Rh4 56. Rg8+ Rg4 57. Rh8 Kg2 0-1

[Event "44th Chess Olympiad Open 2022"]
[Site "Chennai"]
[Date "2022.08.06"]
[Round "8.58"]
[White "Abdelhakiem Abdellatief Nogda"]
[Black "Alrehaili, Ahmed Abdullah S"]
[Result "0-1"]
[WhiteElo "1960"]
[BlackElo "1986"]
[Annotator "NA RC"]
[PlyCount "80"]
[EventDate "2022.??.??"]
[TimeControl "60"]

1. e4 d5 2. exd5 Nf6 3. Nf3 Qxd5 4. Nc3 Qa5 5. d4 Bf5 6. Bd3 e6 7. O-O c6 8. Re1 Bxd3 9. Qxd3 Be7 10. Bf4 Nbd7 11. Rad1 O-O 12. Ne5 Rad8 13. Qf3 Nxe5 14. dxe5 Rxd1 15. Rxd1 Nd5 16. Nxd5 cxd5 17. Qb3 b5 18. a3 Rc8 19. Qd3 Qa4 20. g3 Qxc2 21. Qxc2 Rxc2 22. Rc1 Rxc1+ 23. Bxc1 Bc5 24. Kf1 Bd4 25. f4 f6 26. exf6 gxf6 27. Ke2 Kf7 28. Kd3 e5 29. g4 Bc5 30. fxe5 fxe5 31. b4 e4+ 32. Ke2 Bb6 33. Bf4 Ke6 34. h4 d4 35. h5 a5 36. Kd2 axb4 37. axb4 Bd8 38. Kc2 Be7 39. Kb3 e3 40. h6 Bh4 0-1